Penguins vs Stars (R1)

Created - 26 octobre 2016 at 23:59

Goals
1 2 3 T
Penguins 1 2 2 5
Stars 0 3 0 3
Shots
1 2 3 T
Penguins 14 11 13 38
Stars 5 9 13 27

1st period

1. Penguins , Bobby Ryan 1 (Steven Stamkos) at 16:08

Penalties :
Brian Lee (Dal) for Hooking (Minor) at 2:45, Duncan Keith (Pit) for Cross-checking (Minor) at 6:55, Brian Lee (Dal) for Hooking (Minor) at 9:04

2nd period

2. Stars , Michal Handzus 1 (Chris Stewart, Scott Hartnell) at 1:10
3. Penguins , Dion Phaneuf 1 (Sean Zimmerman, Brian Elliott) at 5:25 (PP)
4. Stars , Michal Handzus 2 (Shaone Morrisonn, Scott Hartnell) at 5:35
5. Stars , John Tavares 1 (Radim Vrbata, Patrick Marleau) at 7:34
6. Penguins , Steven Stamkos 1 (Bobby Ryan, Max Pacioretty) at 8:40 (PP)

Penalties :
Evgeny Artyukhin (Dal) for Holding (Minor) at 5:14, Brendan Smith (Dal) for Hooking (Minor) at 8:00, Eric Gryba (Pit) for Hooking (Minor) at 12:53

3rd period

7. Penguins , Sam Gagner 2 (Sean Zimmerman, Brian Elliott) at 6:03 (PP)
8. Penguins , Max Pacioretty 1 (Bobby Ryan, Steven Stamkos) at 11:03 (PP)

Penalties :
John Tavares (Dal) for Hooking (Minor) at 4:17, Michal Handzus (Dal) for Hooking (Minor) at 5:23, Peter Worrell (Dal) for Interference (Minor) at 10:48, Brendan Smith (Dal) for Slashing (Minor) at 11:41, Brayden Schenn (Pit) for Holding (Minor) at 18:47

Goalie Stats

Brian Elliott (Pit), 24 saves from 27 shots - (0,889), W, 2-0-0, 60:00 minutes
Pascal Leclaire (Dal), 33 saves from 38 shots - (0,868), L, 1-1-0, 60:00 minutes

Players Stats for Penguins

Player Name              G  A  P  +/- PIM S  H  SB GA TA FO     MP     PP MP  PK MP  
------------------------------------------------------------------------------------
Bobby Ryan               1  2  3   1  0   3  1  1  0  0  1/3    23:03   6:08   1:00 
Brayden Schenn           0  0  0  -1  2   0  3  0  0  0  0/5    10:17   0:00   2:11 
Brian McGrattan          0  0  0  -1  0   0  0  0  0  0  0/0     8:06   0:00   0:00 
Derek Joslin             0  0  0  -1  0   1  1  0  0  0  0/0    11:45   0:00   0:52 
Dion Phaneuf             1  0  1   0  0   3  5  1  0  1  0/0    29:03   6:42   2:50 
Duncan Keith             0  0  0  -1  2   2  0  1  0  0  0/0    19:12   3:26   1:28 
Dustin Penner            0  0  0  -1  0   1  0  0  0  0  0/1     9:10   0:00   1:04 
Eric Gryba               0  0  0  -1  2   0  1  0  0  0  0/0    11:03   0:00   0:00 
Josef Vasicek            0  0  0   0  0   2  0  0  0  0  3/5     9:49   0:00   1:17 
Luke Schenn              0  0  0  -1  0   0  1  1  0  0  0/0    20:04   3:26   2:20 
Max Pacioretty           1  1  2   1  0   2  1  0  0  0  1/1    21:52   6:08   0:00 
Nathan Horton            0  0  0  -2  0   5  3  1  1  1  1/1    19:26   4:00   3:06 
Nikita Alexeev           0  0  0   0  0   1  0  0  0  0  0/0     8:21   0:00   0:00 
Sam Gagner               1  0  1  -2  0   5  2  0  0  2  12/24  18:01   4:00   1:42 
Sean Zimmerman           0  2  2   0  0   1  1  1  3  0  0/0    29:03   6:42   2:50 
Simon Gagné              0  0  0  -2  0   2  1  0  1  0  0/1    16:19   4:00   0:00 
Steve Sullivan           0  0  0   0  0   3  2  0  0  0  0/0     8:21   0:00   0:00 
Steven Stamkos           1  2  3   1  0   7  1  0  1  0  20/32  21:52   6:08   0:00 

Players Stats for Stars

Player Name              G  A  P  +/- PIM S  H  SB GA TA FO     MP     PP MP  PK MP  
------------------------------------------------------------------------------------
Andrei Markov            0  0  0   1  0   0  0  0  0  0  0/0    10:37   0:00   0:39 
Andrej Meszaros          0  0  0   1  0   0  1  1  0  0  0/0    11:50   0:00   2:55 
Anthony Stewart          0  0  0   0  0   0  0  0  0  0  0/4     7:54   0:00   2:08 
Brendan Smith            0  0  0   0  4   1  2  0  0  1  0/1    27:16   3:48   4:27 
Brian Lee                0  0  0   0  4   5  0  5  1  1  0/0    28:29   3:48   4:20 
Chris Kunitz             0  0  0   0  0   0  0  0  0  0  0/0     6:44   0:00   1:09 
Chris Stewart            0  1  1   2  0   1  0  0  0  0  0/0    10:30   0:00   0:00 
Evgeny Artyukhin         0  0  0   0  2   1  1  0  0  0  0/1    14:57   3:06   0:00 
John Tavares             1  0  1   0  2   2  1  1  1  1  13/34  26:40   2:04   4:49 
Mathieu Roy              0  0  0   0  0   0  0  0  0  0  0/0     5:44   0:00   1:37 
Michal Handzus           2  0  2   2  2   2  1  0  0  1  8/11   12:19   0:00   0:41 
Patrick Marleau          0  1  1   0  0   1  0  0  0  0  2/3    23:38   2:04   5:42 
Peter Worrell            0  0  0   0  2   1  1  0  0  0  1/3    18:15   3:06   2:26 
Radim Vrbata             0  1  1   0  0   2  2  0  0  0  2/2    17:12   2:04   0:00 
Ryan Getzlaf             0  0  0   0  0   2  1  0  1  0  9/14   15:12   3:06   0:14 
Scott Hartnell           0  2  2   2  0   7  0  1  0  0  0/0    13:49   0:00   2:26 
Shaone Morrisonn         0  1  1   1  0   1  1  2  1  1  0/0    18:59   1:22   3:09 
Trevor Daley             0  0  0   1  0   1  1  1  0  1  0/0    18:59   1:22   3:09 

3 Stars

1 - Bobby Ryan (Pit)
2 - Steven Stamkos (Pit)
3 - Michal Handzus (Dal)

Power Play

Penguins - 4 on 8 Attempt(s) - 50,00%
Stars - 0 on 3 Attempt(s) - 0,00%

Penalty Kill

Penguins - 3 on 3 Attempt(s) - 100,00% - Score 0 goal in Penalty Kill
Stars - 4 on 8 Attempt(s) - 50,00% - Score 0 goal in Penalty Kill

Team Stat

Penguins - Hits : 23 - Faceoff Wins : 38 - Blocked Shots : 6 - Penalty Minutes : 6
Stars - Hits : 12 - Faceoff Wins : 35 - Blocked Shots : 11 - Penalty Minutes : 16

Official

Referees : Martell Rob and Rehman Kyle
Linesman : Mark Wheler and Scott Cherrey

Game Notes

No Game Note

Finance

Level 1 -- Attendance: 4925 (82,08%) -- Ticket Income 443 250 $
Level 2 -- Attendance: 3877 (77,54%) -- Ticket Income 213 235 $
Level 3 -- Attendance: 1386 (69,30%) -- Ticket Income 48 510 $
Level 4 -- Attendance: 2878 (71,95%) -- Ticket Income 71 950 $
Luxury Box -- Attendance: 702 (70,20%) -- Ticket Income 122 850 $
Game was played at the American Airlines Center.
Total Attendance: 13768 (76,49%)
Total Ticket Income: 899 795 $
Other Income: 134 969 $
Total Income: 1 034 764 $

Penguins

5 vs 5 Forward 
   Center                   Left Wing                Right Wing               Time % Phy DF OF 
 1 Steven Stamkos           Max Pacioretty           Bobby Ryan               40     0   2  3  
 2 Sam Gagner               Simon Gagné              Nathan Horton            30     0   2  3  
 3 Brayden Schenn           Dustin Penner            Brian McGrattan          20     0   2  3  
 4 Josef Vasicek            Steve Sullivan           Nikita Alexeev           10     0   2  3  

5 vs 5 Defense 
   Defense                  Defense                                           Time % Phy DF OF 
 1 Sean Zimmerman           Dion Phaneuf                                      45     1   2  2  
 2 Luke Schenn              Duncan Keith                                      33     1   2  2  
 3 Eric Gryba               Derek Joslin                                      22     1   2  2  
 4 Sean Zimmerman           Dion Phaneuf                                      0      1   2  2  

PowerPlay Forward 
   Center                   Left Wing                Right Wing               Time % Phy DF OF 
 1 Steven Stamkos           Max Pacioretty           Bobby Ryan               60     0   1  4  
 2 Sam Gagner               Simon Gagné              Nathan Horton            40     0   1  4  

PowerPlay Defense
   Defense                  Defense                                           Time % Phy DF OF 
 1 Sean Zimmerman           Dion Phaneuf                                      60     0   2  3  
 2 Luke Schenn              Duncan Keith                                      40     0   2  3  

Penalty Kill 4 Players Forward 
   Center                   Wing                     Time % Phy DF OF 
 1 Brayden Schenn           Nathan Horton            60     0   4  1  
 2 Josef Vasicek            Bobby Ryan               40     0   4  1  

Penalty Kill 4 Players Defense
   Defense                  Defense                  Time % Phy DF OF 
 1 Sean Zimmerman           Dion Phaneuf             60     1   4  0  
 2 Luke Schenn              Duncan Keith             40     1   4  0  

Penalty Kill - 3 Players Forward 
   Forward                                           Time % Phy DF OF 
 1 Nathan Horton                                     60     0   4  1  
 2 Bobby Ryan                                        40     0   4  1  

Penalty Kill - 3 Players Defense
   Defense                  Defense                  Time % Phy DF OF 
 1 Sean Zimmerman           Dion Phaneuf             60     1   4  0  
 2 Luke Schenn              Duncan Keith             40     1   4  0  

4 vs 4 Forward 
   Center                   Wing                     Time % Phy DF OF 
 1 Steven Stamkos           Bobby Ryan               60     0   2  3  
 2 Sam Gagner               Nathan Horton            40     0   2  3  

4 vs 4 Defense
   Defense                  Defense                  Time % Phy DF OF 
 1 Sean Zimmerman           Dion Phaneuf             60     1   2  2  
 2 Luke Schenn              Duncan Keith             40     1   2  2  

Last Minutes Offensive
   Center                   Left Wing                Right Wing               Defense                  Defense                  
   Steven Stamkos           Max Pacioretty           Bobby Ryan               Sean Zimmerman           Dion Phaneuf             

Last Minutes Defensive
   Center                   Left Wing                Right Wing               Defense                  Defense                  
   Brayden Schenn           Simon Gagné              Nathan Horton            Sean Zimmerman           Dion Phaneuf             

Goaltenders
Starting : Brian Elliott            
Backup : Josh Tordjman            

Extra Forwards
Normal : Steven Stamkos, Sam Gagner, Brayden Schenn - PP : Steven Stamkos, Sam Gagner - PK : Nathan Horton
Extra Defensemen
Normal : Dion Phaneuf, Duncan Keith, Eric Gryba - PP : Derek Joslin - PK : Sean Zimmerman, Luke Schenn
Penalty Shots
Max Pacioretty, Bobby Ryan, Nathan Horton, Steven Stamkos, Simon Gagné

Stars

5 vs 5 Forward 
   Center                   Left Wing                Right Wing               Time % Phy DF OF 
 1 John Tavares             Patrick Marleau          Radim Vrbata             40     1   2  2  
 2 Ryan Getzlaf             Peter Worrell            Evgeny Artyukhin         30     1   2  2  
 3 Michal Handzus           Scott Hartnell           Chris Stewart            20     1   2  2  
 4 John Tavares             Chris Kunitz             Anthony Stewart          10     1   2  2  

5 vs 5 Defense 
   Defense                  Defense                                           Time % Phy DF OF 
 1 Brian Lee                Brendan Smith                                     40     1   2  2  
 2 Trevor Daley             Shaone Morrisonn                                  30     1   2  2  
 3 Andrei Markov            Andrej Meszaros                                   20     1   2  2  
 4 Mathieu Roy              Brian Lee                                         10     1   2  2  

PowerPlay Forward 
   Center                   Left Wing                Right Wing               Time % Phy DF OF 
 1 John Tavares             Patrick Marleau          Radim Vrbata             60     1   2  2  
 2 Ryan Getzlaf             Peter Worrell            Evgeny Artyukhin         40     1   2  2  

PowerPlay Defense
   Defense                  Defense                                           Time % Phy DF OF 
 1 Brian Lee                Brendan Smith                                     60     1   2  2  
 2 Trevor Daley             Shaone Morrisonn                                  40     1   2  2  

Penalty Kill 4 Players Forward 
   Center                   Wing                     Time % Phy DF OF 
 1 John Tavares             Patrick Marleau          60     1   2  2  
 2 Peter Worrell            Scott Hartnell           40     1   2  2  

Penalty Kill 4 Players Defense
   Defense                  Defense                  Time % Phy DF OF 
 1 Brian Lee                Brendan Smith            60     1   2  2  
 2 Trevor Daley             Shaone Morrisonn         40     1   2  2  

Penalty Kill - 3 Players Forward 
   Forward                                           Time % Phy DF OF 
 1 John Tavares                                      60     1   2  2  
 2 Patrick Marleau                                   40     1   2  2  

Penalty Kill - 3 Players Defense
   Defense                  Defense                  Time % Phy DF OF 
 1 Brian Lee                Brendan Smith            60     1   2  2  
 2 Trevor Daley             Shaone Morrisonn         40     1   2  2  

4 vs 4 Forward 
   Center                   Wing                     Time % Phy DF OF 
 1 John Tavares             Patrick Marleau          60     1   2  2  
 2 Peter Worrell            Scott Hartnell           40     1   2  2  

4 vs 4 Defense
   Defense                  Defense                  Time % Phy DF OF 
 1 Brian Lee                Brendan Smith            60     1   2  2  
 2 Trevor Daley             Shaone Morrisonn         40     1   2  2  

Last Minutes Offensive
   Center                   Left Wing                Right Wing               Defense                  Defense                  
   John Tavares             Patrick Marleau          Radim Vrbata             Brian Lee                Brendan Smith            

Last Minutes Defensive
   Center                   Left Wing                Right Wing               Defense                  Defense                  
   John Tavares             Patrick Marleau          Radim Vrbata             Brian Lee                Brendan Smith            

Goaltenders
Starting : Pascal Leclaire          
Backup : Miika Kiprusoff          

Extra Forwards
Normal : Michal Handzus, Chris Stewart, Anthony Stewart - PP : Michal Handzus, Chris Stewart - PK : Anthony Stewart
Extra Defensemen
Normal : Andrei Markov, Andrej Meszaros, Mathieu Roy - PP : Andrei Markov - PK : Andrej Meszaros, Mathieu Roy
Penalty Shots
John Tavares, Patrick Marleau, Peter Worrell, Scott Hartnell, Ryan Getzlaf

% Time on Ice - Penguins

Lines # - Real PCT - Wanted PCT - Time Play
Normal Forward
1 - 35% - 40% - 15:45
2 - 28% - 30% - 12:30
3 - 18% - 20% - 8:06
4 - 19% - 10% - 8:21
Normal Defense
1 - 44% - 45% - 19:31
2 - 32% - 33% - 14:18
3 - 24% - 22% - 10:53
4 - 0% - 0% - 0:00
PP Forward
1 - 61% - 60% - 6:08
2 - 39% - 40% - 4:00
PP Defense
1 - 66% - 60% - 6:42
2 - 34% - 40% - 3:26
PK Forward
1 - 81% - 60% - 4:10
2 - 19% - 40% - 1:00
PK Defense
1 - 55% - 60% - 2:50
2 - 45% - 40% - 2:20
PK3 Forward
1 - 0% - 60%
2 - 0% - 40%
PK3 Defense
1 - 0% - 60%
2 - 0% - 40%
44 Forward
1 - 0% - 60%
2 - 0% - 40%
44 Defense
1 - 0% - 60%
2 - 0% - 40%
Last Minute Offensive  - 0:00
Last Minute Defensive  - 0:00
Total
Forward - 60:00
Defense - 60:00

% Time on Ice - Stars

Lines # - Real PCT - Wanted PCT - Time Play
Normal Forward
1 - 36% - 40% - 16:03
2 - 29% - 30% - 13:03
3 - 23% - 20% - 10:12
4 - 12% - 10% - 5:24
Normal Defense
1 - 41% - 40% - 18:21
2 - 32% - 30% - 14:28
3 - 20% - 20% - 8:50
4 - 7% - 10% - 3:03
PP Forward
1 - 40% - 60% - 2:04
2 - 60% - 40% - 3:06
PP Defense
1 - 74% - 60% - 3:48
2 - 26% - 40% - 1:22
PK Forward
1 - 74% - 60% - 7:02
2 - 26% - 40% - 2:26
PK Defense
1 - 68% - 60% - 6:26
2 - 32% - 40% - 3:02
PK3 Forward
1 - 100% - 60% - 0:40
2 - 0% - 40% - 0:00
PK3 Defense
1 - 83% - 60% - 0:33
2 - 18% - 40% - 0:07
44 Forward
1 - 0% - 60%
2 - 0% - 40%
44 Defense
1 - 0% - 60%
2 - 0% - 40%
Last Minute Offensive  - 0:00
Last Minute Defensive  - 0:00
Total
Forward - 60:00
Defense - 60:00

Play by Play

1st period


0:01 of 1st period - Steven Stamkos wins face-off versus John Tavares in neutral zone.
0:51 of 1st period - Brayden Schenn is hit by Michal Handzus and loses puck.
1:31 of 1st period - Snap shot by Nathan Horton.
1:31 of 1st period - Stopped by Pascal Leclaire without a rebound.
1:32 of 1st period - Sam Gagner wins face-off versus John Tavares in Stars zone.
1:37 of 1st period - Wrist shot by Simon Gagné.
1:37 of 1st period - Stopped by Pascal Leclaire without a rebound.
1:38 of 1st period - John Tavares wins face-off versus Bobby Ryan in Stars zone.
2:45 of 1st period - Minor Penalty to Brian Lee for Hooking.
2:46 of 1st period - John Tavares wins face-off versus Steven Stamkos in Stars zone.
2:57 of 1st period - Andrej Meszaros is hit by Dion Phaneuf and loses puck.
4:45 of 1st period - Penalty to Brian Lee is over, Brian Lee is back on ice.
4:54 of 1st period - Peter Worrell is hit by Eric Gryba and loses puck.
5:52 of 1st period - Snap shot by Michal Handzus.
5:52 of 1st period - Shot Blocked by Sean Zimmerman.
6:29 of 1st period - Patrick Marleau is hit by Bobby Ryan and loses puck.
6:46 of 1st period - Steve Sullivan is hit by Andrej Meszaros and loses puck.
6:55 of 1st period - Minor Penalty to Duncan Keith for Cross-checking.
6:56 of 1st period - Radim Vrbata wins face-off versus Brayden Schenn in Penguins zone.
7:36 of 1st period - Luke Schenn is hit by Ryan Getzlaf and loses puck.
8:12 of 1st period - Josef Vasicek is hit by Radim Vrbata.
8:22 of 1st period - Ryan Getzlaf is hit by Brayden Schenn and loses puck.
8:55 of 1st period - Penalty to Duncan Keith is over, Duncan Keith is back on ice.
9:04 of 1st period - Minor Penalty to Brian Lee for Hooking.
9:05 of 1st period - John Tavares wins face-off versus Steven Stamkos in Stars zone.
9:40 of 1st period - Scott Hartnell is hit by Nathan Horton and loses puck.
10:58 of 1st period - Peter Worrell is hit by Steven Stamkos and loses puck.
11:04 of 1st period - Penalty to Brian Lee is over, Brian Lee is back on ice.
11:35 of 1st period - Steve Sullivan is hit by John Tavares and loses puck.
11:43 of 1st period - Off-side.
11:44 of 1st period - Sam Gagner wins face-off versus John Tavares in neutral zone.
12:22 of 1st period - Slapshot by Radim Vrbata.
12:22 of 1st period - Shot Misses the Net.
12:28 of 1st period - Snap shot by Radim Vrbata.
12:28 of 1st period - Deflect By John Tavares.
12:28 of 1st period - Shot Misses the Net.
12:28 of 1st period - Puck is out of play.
12:29 of 1st period - Michal Handzus wins face-off versus Steven Stamkos in Penguins zone.
12:30 of 1st period - Wrist shot by Scott Hartnell.
12:30 of 1st period - Stopped by Brian Elliott with a rebound.
13:33 of 1st period - Snap shot by Steve Sullivan.
13:33 of 1st period - Stopped by Pascal Leclaire without a rebound.
13:34 of 1st period - Josef Vasicek wins face-off versus Ryan Getzlaf in Stars zone.
13:35 of 1st period - Snap shot by Nikita Alexeev.
13:35 of 1st period - Stopped by Pascal Leclaire with a rebound.
13:58 of 1st period - Ryan Getzlaf is hit by Dion Phaneuf and loses puck.
14:05 of 1st period - Snap shot by Evgeny Artyukhin.
14:05 of 1st period - Stopped by Brian Elliott with a rebound.
14:07 of 1st period - Wrist shot by Peter Worrell.
14:07 of 1st period - Stopped by Brian Elliott without a rebound.
14:08 of 1st period - John Tavares wins face-off versus Steven Stamkos in Penguins zone.
14:55 of 1st period - Anthony Stewart is hit by Brayden Schenn.
15:34 of 1st period - Wrist shot by Scott Hartnell.
15:34 of 1st period - Stopped by Brian Elliott with a rebound.
15:44 of 1st period - Icing by Brian Lee.
15:45 of 1st period - Sam Gagner wins face-off versus Michal Handzus in Stars zone.
15:56 of 1st period - Slapshot by Nathan Horton.
15:56 of 1st period - Shot Misses the Net.
15:58 of 1st period - Wrist shot by Simon Gagné.
15:58 of 1st period - Shot Blocked by Brian Lee.
16:00 of 1st period - Slapshot by Sam Gagner.
16:00 of 1st period - Stopped by Pascal Leclaire without a rebound.
16:01 of 1st period - Steven Stamkos wins face-off versus John Tavares in Stars zone.
16:08 of 1st period - Wrist shot by Bobby Ryan.
16:08 of 1st period - Goal by Bobby Ryan - Penguins : 1 - Stars : 0.
16:09 of 1st period - Steven Stamkos wins face-off versus John Tavares in neutral zone.
16:12 of 1st period - Patrick Marleau is hit by Sean Zimmerman and loses puck.
16:42 of 1st period - Snap shot by Nathan Horton.
16:42 of 1st period - Stopped by Pascal Leclaire with a rebound.
16:44 of 1st period - Wrist shot by Sam Gagner.
16:44 of 1st period - Stopped by Pascal Leclaire with a rebound.
16:58 of 1st period - Wrist shot by Josef Vasicek.
16:58 of 1st period - Stopped by Pascal Leclaire without a rebound.
16:59 of 1st period - Josef Vasicek wins face-off versus John Tavares in Stars zone.
17:31 of 1st period - Slapshot by Steve Sullivan.
17:31 of 1st period - Stopped by Pascal Leclaire with a rebound.
17:33 of 1st period - Slapshot by Derek Joslin.
17:33 of 1st period - Deflect By Ryan Getzlaf.
17:33 of 1st period - Stopped by Pascal Leclaire with a rebound.
17:35 of 1st period - Snap shot by Steve Sullivan.
17:35 of 1st period - Stopped by Pascal Leclaire with a rebound.
17:37 of 1st period - Snap shot by Nikita Alexeev.
17:37 of 1st period - Deflect By Brendan Smith.
17:37 of 1st period - Shot Misses the Net.
17:37 of 1st period - Puck is out of play.
17:38 of 1st period - John Tavares wins face-off versus Steven Stamkos in Stars zone.
17:51 of 1st period - Snap shot by Patrick Marleau.
17:51 of 1st period - Stopped by Brian Elliott without a rebound.
17:52 of 1st period - Radim Vrbata wins face-off versus Steven Stamkos in Penguins zone.
19:53 of 1st period - Snap shot by Dion Phaneuf.
19:53 of 1st period - Shot Blocked by Shaone Morrisonn.
19:57 of 1st period - Snap shot by Sam Gagner.
19:57 of 1st period - Stopped by Pascal Leclaire with a rebound.
19:59 of 1st period - Wrist shot by Sean Zimmerman.
19:59 of 1st period - Stopped by Pascal Leclaire with a rebound.
Goals for this period are 1 for Penguins vs 0 for Stars.
Shots for this period are 14 for Penguins vs 5 for Stars.

2nd period


0:01 of 2nd period - John Tavares wins face-off versus Steven Stamkos in neutral zone.
0:16 of 2nd period - Snap shot by Steven Stamkos.
0:16 of 2nd period - Stopped by Pascal Leclaire without a rebound.
0:17 of 2nd period - Sam Gagner wins face-off versus Peter Worrell in Stars zone.
0:18 of 2nd period - Slapshot by Simon Gagné.
0:18 of 2nd period - Stopped by Pascal Leclaire with a rebound.
0:20 of 2nd period - Slapshot by Simon Gagné.
0:20 of 2nd period - Deflect By Nathan Horton.
0:20 of 2nd period - Stopped by Pascal Leclaire without a rebound.
0:21 of 2nd period - Ryan Getzlaf wins face-off versus Simon Gagné in Stars zone.
0:52 of 2nd period - Snap shot by Bobby Ryan.
0:52 of 2nd period - Shot Misses the Net.
0:54 of 2nd period - Slapshot by Max Pacioretty.
0:54 of 2nd period - Shot Blocked by Brian Lee.
0:56 of 2nd period - Slapshot by Sean Zimmerman.
0:56 of 2nd period - Deflect By Max Pacioretty.
0:56 of 2nd period - Stopped by Pascal Leclaire without a rebound.
0:57 of 2nd period - Michal Handzus wins face-off versus Sam Gagner in Stars zone.
1:08 of 2nd period - Snap shot by Chris Stewart.
1:08 of 2nd period - Stopped by Brian Elliott with a rebound.
1:10 of 2nd period - Wrist shot by Michal Handzus.
1:10 of 2nd period - Goal by Michal Handzus - Penguins : 1 - Stars : 1.
1:11 of 2nd period - Steven Stamkos wins face-off versus John Tavares in neutral zone.
1:29 of 2nd period - Off-side.
1:30 of 2nd period - Ryan Getzlaf wins face-off versus Sam Gagner in neutral zone.
2:02 of 2nd period - Snap shot by Steven Stamkos.
2:02 of 2nd period - Stopped by Pascal Leclaire without a rebound.
2:03 of 2nd period - Steven Stamkos wins face-off versus John Tavares in Stars zone.
2:24 of 2nd period - Brian Lee is hit by Derek Joslin and loses puck.
4:51 of 2nd period - Snap shot by Bobby Ryan.
4:51 of 2nd period - Stopped by Pascal Leclaire without a rebound.
4:52 of 2nd period - Sam Gagner wins face-off versus Evgeny Artyukhin in Stars zone.
4:55 of 2nd period - Wrist shot by Nathan Horton.
4:55 of 2nd period - Stopped by Pascal Leclaire without a rebound.
4:56 of 2nd period - Ryan Getzlaf wins face-off versus Sam Gagner in Stars zone.
5:06 of 2nd period - Nathan Horton is hit by Shaone Morrisonn and loses puck.
5:14 of 2nd period - Minor Penalty to Evgeny Artyukhin for Holding.
5:15 of 2nd period - Peter Worrell wins face-off versus Sam Gagner in Stars zone.
5:25 of 2nd period - Slapshot by Dion Phaneuf.
5:25 of 2nd period - Goal by Dion Phaneuf - Penguins : 2 - Stars : 1.
5:26 of 2nd period - Michal Handzus wins face-off versus Sam Gagner in neutral zone.
5:33 of 2nd period - Snap shot by Trevor Daley.
5:33 of 2nd period - Deflect By Scott Hartnell.
5:33 of 2nd period - Stopped by Brian Elliott with a rebound.
5:35 of 2nd period - Backhand shot by Shaone Morrisonn.
5:35 of 2nd period - Deflect By Michal Handzus.
5:35 of 2nd period - Goal by Michal Handzus - Penguins : 2 - Stars : 2.
5:36 of 2nd period - Sam Gagner wins face-off versus Michal Handzus in neutral zone.
5:45 of 2nd period - Slapshot by Sam Gagner.
5:45 of 2nd period - Shot Blocked by Brian Lee.
6:03 of 2nd period - Ryan Getzlaf is hit by Brayden Schenn and loses puck.
6:19 of 2nd period - Off-side.
6:20 of 2nd period - John Tavares wins face-off versus Josef Vasicek in neutral zone.
6:49 of 2nd period - Slapshot by Evgeny Artyukhin.
6:49 of 2nd period - Shot Blocked by Bobby Ryan.
7:34 of 2nd period - Slapshot by John Tavares.
7:34 of 2nd period - Goal by John Tavares - Penguins : 2 - Stars : 3.
7:35 of 2nd period - Patrick Marleau wins face-off versus Steven Stamkos in neutral zone.
7:40 of 2nd period - Snap shot by Shaone Morrisonn.
7:40 of 2nd period - Stopped by Brian Elliott without a rebound.
7:41 of 2nd period - Steven Stamkos wins face-off versus John Tavares in Penguins zone.
7:57 of 2nd period - Slapshot by Dion Phaneuf.
7:57 of 2nd period - Deflect By Steven Stamkos.
7:57 of 2nd period - Shot Hit the Post.
7:57 of 2nd period - Puck is out of play.
7:58 of 2nd period - Ryan Getzlaf wins face-off versus Sam Gagner in Stars zone.
8:00 of 2nd period - Minor Penalty to Brendan Smith for Hooking.
8:01 of 2nd period - Steven Stamkos wins face-off versus John Tavares in Stars zone.
8:07 of 2nd period - Slapshot by Steven Stamkos.
8:07 of 2nd period - Shot Misses the Net.
8:09 of 2nd period - Wrist shot by Steven Stamkos.
8:09 of 2nd period - Stopped by Pascal Leclaire without a rebound.
8:10 of 2nd period - John Tavares wins face-off versus Steven Stamkos in Stars zone.
8:10 of 2nd period - John Tavares is hit by Dion Phaneuf.
8:20 of 2nd period - Brian Lee is hit by Max Pacioretty and loses puck.
8:29 of 2nd period - Patrick Marleau is hit by Dion Phaneuf and loses puck.
8:40 of 2nd period - Slapshot by Steven Stamkos.
8:40 of 2nd period - Deflect By John Tavares.
8:40 of 2nd period - Goal by Steven Stamkos - Penguins : 3 - Stars : 3.
8:41 of 2nd period - Sam Gagner wins face-off versus John Tavares in neutral zone.
8:54 of 2nd period - Wrist shot by Nathan Horton.
8:54 of 2nd period - Deflect By Sam Gagner.
8:54 of 2nd period - Shot Misses the Net.
8:54 of 2nd period - Puck is out of play.
8:55 of 2nd period - Steven Stamkos wins face-off versus John Tavares in Stars zone.
9:08 of 2nd period - Wrist shot by Bobby Ryan.
9:08 of 2nd period - Shot Misses the Net.
9:46 of 2nd period - Slapshot by Dustin Penner.
9:46 of 2nd period - Shot Blocked by Scott Hartnell.
10:30 of 2nd period - Wrist shot by John Tavares.
10:30 of 2nd period - Stopped by Brian Elliott without a rebound.
10:31 of 2nd period - Ryan Getzlaf wins face-off versus Steven Stamkos in Penguins zone.
10:34 of 2nd period - Wrist shot by Ryan Getzlaf.
10:34 of 2nd period - Stopped by Brian Elliott without a rebound.
10:35 of 2nd period - Steven Stamkos wins face-off versus Peter Worrell in Penguins zone.
12:53 of 2nd period - Minor Penalty to Eric Gryba for Hooking.
12:54 of 2nd period - Ryan Getzlaf wins face-off versus Brayden Schenn in Penguins zone.
13:02 of 2nd period - Backhand shot by Brian Lee.
13:02 of 2nd period - Deflect By Nathan Horton.
13:02 of 2nd period - Stopped by Brian Elliott without a rebound.
13:03 of 2nd period - Ryan Getzlaf wins face-off versus Brayden Schenn in Penguins zone.
13:04 of 2nd period - Slapshot by Brian Lee.
13:04 of 2nd period - Shot Blocked by Nathan Horton.
14:53 of 2nd period - Penalty to Eric Gryba is over, Eric Gryba is back on ice.
15:41 of 2nd period - Trevor Daley is hit by Simon Gagné and loses puck.
16:41 of 2nd period - Andrei Markov is hit by Nathan Horton and loses puck.
17:34 of 2nd period - Wrist shot by Sam Gagner.
17:34 of 2nd period - Stopped by Pascal Leclaire without a rebound.
17:35 of 2nd period - Sam Gagner wins face-off versus Brendan Smith in Stars zone.
19:48 of 2nd period - Andrej Meszaros is hit by Steve Sullivan and loses puck.
Goals for this period are 2 for Penguins vs 3 for Stars.
Shots for this period are 11 for Penguins vs 9 for Stars.

3rd period


0:01 of 3rd period - Steven Stamkos wins face-off versus Patrick Marleau in neutral zone.
0:04 of 3rd period - Snap shot by Bobby Ryan.
0:04 of 3rd period - Shot Blocked by Brian Lee.
0:54 of 3rd period - Chris Stewart is hit by Steve Sullivan and loses puck.
1:46 of 3rd period - Snap shot by Dustin Penner.
1:46 of 3rd period - Deflect By Brayden Schenn.
1:46 of 3rd period - Shot Misses the Net.
1:46 of 3rd period - Puck is out of play.
1:47 of 3rd period - Michal Handzus wins face-off versus Steven Stamkos in Stars zone.
1:52 of 3rd period - Slapshot by Scott Hartnell.
1:52 of 3rd period - Stopped by Brian Elliott with a rebound.
1:58 of 3rd period - Shaone Morrisonn is hit by Dion Phaneuf and loses puck.
2:13 of 3rd period - Simon Gagné is hit by Radim Vrbata and loses puck.
3:12 of 3rd period - Derek Joslin is hit by Brendan Smith and loses puck.
3:52 of 3rd period - Wrist shot by Ryan Getzlaf.
3:52 of 3rd period - Deflect By Evgeny Artyukhin.
3:52 of 3rd period - Shot Blocked by Dion Phaneuf.
3:52 of 3rd period - Puck is out of play.
3:53 of 3rd period - Ryan Getzlaf wins face-off versus Josef Vasicek in Penguins zone.
4:00 of 3rd period - Snap shot by Ryan Getzlaf.
4:00 of 3rd period - Stopped by Brian Elliott without a rebound.
4:01 of 3rd period - John Tavares wins face-off versus Steven Stamkos in Penguins zone.
4:02 of 3rd period - Snap shot by Radim Vrbata.
4:02 of 3rd period - Stopped by Brian Elliott with a rebound.
4:04 of 3rd period - Snap shot by Radim Vrbata.
4:04 of 3rd period - Shot Blocked by Luke Schenn.
4:06 of 3rd period - Slapshot by Trevor Daley.
4:06 of 3rd period - Stopped by Brian Elliott without a rebound.
4:07 of 3rd period - John Tavares wins face-off versus Bobby Ryan in Penguins zone.
4:17 of 3rd period - Minor Penalty to John Tavares for Hooking.
4:18 of 3rd period - Bobby Ryan wins face-off versus Anthony Stewart in Stars zone.
4:30 of 3rd period - Snap shot by Bobby Ryan.
4:30 of 3rd period - Stopped by Pascal Leclaire without a rebound.
4:31 of 3rd period - Steven Stamkos wins face-off versus Anthony Stewart in Stars zone.
4:44 of 3rd period - Wrist shot by Steven Stamkos.
4:44 of 3rd period - Shot Blocked by Brian Lee.
5:23 of 3rd period - Minor Penalty to Michal Handzus for Hooking.
5:24 of 3rd period - Steven Stamkos wins face-off versus Anthony Stewart in Stars zone.
5:25 of 3rd period - Snap shot by Bobby Ryan.
5:25 of 3rd period - Shot Misses the Net.
5:27 of 3rd period - Slapshot by Dion Phaneuf.
5:27 of 3rd period - Stopped by Pascal Leclaire without a rebound.
5:28 of 3rd period - Steven Stamkos wins face-off versus Anthony Stewart in Stars zone.
6:03 of 3rd period - Snap shot by Sam Gagner.
6:03 of 3rd period - Goal by Sam Gagner - Penguins : 4 - Stars : 3.
6:04 of 3rd period - Steven Stamkos wins face-off versus John Tavares in neutral zone.
6:11 of 3rd period - Slapshot by Brian Lee.
6:11 of 3rd period - Stopped by Brian Elliott with a rebound.
6:33 of 3rd period - Wrist shot by Nathan Horton.
6:33 of 3rd period - Shot Misses the Net.
6:35 of 3rd period - Snap shot by Nathan Horton.
6:35 of 3rd period - Shot Blocked by John Tavares.
6:37 of 3rd period - Slapshot by Duncan Keith.
6:37 of 3rd period - Stopped by Pascal Leclaire without a rebound.
6:38 of 3rd period - John Tavares wins face-off versus Sam Gagner in Stars zone.
6:59 of 3rd period - Snap shot by Steven Stamkos.
6:59 of 3rd period - Stopped by Pascal Leclaire without a rebound.
7:00 of 3rd period - Max Pacioretty wins face-off versus John Tavares in Stars zone.
7:23 of 3rd period - Penalty to Michal Handzus is over, Michal Handzus is back on ice.
8:02 of 3rd period - Snap shot by Patrick Marleau.
8:02 of 3rd period - Shot Misses the Net.
8:04 of 3rd period - Slapshot by Patrick Marleau.
8:04 of 3rd period - Shot Misses the Net.
8:06 of 3rd period - Slapshot by Brendan Smith.
8:06 of 3rd period - Stopped by Brian Elliott without a rebound.
8:07 of 3rd period - Ryan Getzlaf wins face-off versus Sam Gagner in Penguins zone.
8:10 of 3rd period - Snap shot by Ryan Getzlaf.
8:10 of 3rd period - Deflect By Sean Zimmerman.
8:10 of 3rd period - Shot Misses the Net.
8:10 of 3rd period - Puck is out of play.
8:11 of 3rd period - Sam Gagner wins face-off versus Ryan Getzlaf in Penguins zone.
8:11 of 3rd period - Sam Gagner is hit by Evgeny Artyukhin.
8:39 of 3rd period - Wrist shot by Scott Hartnell.
8:39 of 3rd period - Stopped by Brian Elliott with a rebound.
8:45 of 3rd period - Snap shot by Dion Phaneuf.
8:45 of 3rd period - Deflect By Chris Stewart.
8:45 of 3rd period - Stopped by Pascal Leclaire without a rebound.
8:46 of 3rd period - Sam Gagner wins face-off versus Ryan Getzlaf in Stars zone.
8:47 of 3rd period - Snap shot by Nathan Horton.
8:47 of 3rd period - Shot Misses the Net.
8:57 of 3rd period - Snap shot by Nathan Horton.
8:57 of 3rd period - Stopped by Pascal Leclaire without a rebound.
8:58 of 3rd period - Steven Stamkos wins face-off versus John Tavares in Stars zone.
9:25 of 3rd period - Dion Phaneuf is hit by Peter Worrell and loses puck.
9:44 of 3rd period - Snap shot by Brian McGrattan.
9:44 of 3rd period - Shot Blocked by Trevor Daley.
9:46 of 3rd period - Wrist shot by Dustin Penner.
9:46 of 3rd period - Deflect By Scott Hartnell.
9:46 of 3rd period - Stopped by Pascal Leclaire without a rebound.
9:47 of 3rd period - Michal Handzus wins face-off versus Dustin Penner in Stars zone.
9:49 of 3rd period - Icing by Scott Hartnell.
9:50 of 3rd period - Steven Stamkos wins face-off versus Michal Handzus in Stars zone.
9:57 of 3rd period - Bobby Ryan is hit by Brendan Smith and loses puck.
10:48 of 3rd period - Minor Penalty to Peter Worrell for Interference.
10:49 of 3rd period - Steven Stamkos wins face-off versus John Tavares in Stars zone.
10:55 of 3rd period - Wrist shot by Steven Stamkos.
10:55 of 3rd period - Stopped by Pascal Leclaire with a rebound.
10:57 of 3rd period - Snap shot by Steven Stamkos.
10:57 of 3rd period - Stopped by Pascal Leclaire with a rebound.
10:59 of 3rd period - Slapshot by Steven Stamkos.
10:59 of 3rd period - Shot Misses the Net.
11:01 of 3rd period - Wrist shot by Bobby Ryan.
11:01 of 3rd period - Shot Misses the Net.
11:03 of 3rd period - Slapshot by Max Pacioretty.
11:03 of 3rd period - Goal by Max Pacioretty - Penguins : 5 - Stars : 3.
11:04 of 3rd period - Steven Stamkos wins face-off versus John Tavares in neutral zone.
11:17 of 3rd period - Snap shot by John Tavares.
11:17 of 3rd period - Shot Misses the Net.
11:19 of 3rd period - Snap shot by Brian Lee.
11:19 of 3rd period - Stopped by Brian Elliott without a rebound.
11:20 of 3rd period - Sam Gagner wins face-off versus Ryan Getzlaf in Penguins zone.
11:41 of 3rd period - Minor Penalty to Brendan Smith for Slashing.
11:42 of 3rd period - Steven Stamkos wins face-off versus John Tavares in Stars zone.
12:09 of 3rd period - Patrick Marleau is hit by Sam Gagner and loses puck.
13:41 of 3rd period - Penalty to Brendan Smith is over, Brendan Smith is back on ice.
13:51 of 3rd period - Snap shot by Josef Vasicek.
13:51 of 3rd period - Deflect By Trevor Daley.
13:51 of 3rd period - Shot Blocked by Shaone Morrisonn.
13:51 of 3rd period - Puck is out of play.
13:52 of 3rd period - Josef Vasicek wins face-off versus Ryan Getzlaf in Stars zone.
14:01 of 3rd period - Snap shot by Josef Vasicek.
14:01 of 3rd period - Shot Blocked by Andrej Meszaros.
14:03 of 3rd period - Snap shot by Josef Vasicek.
14:03 of 3rd period - Stopped by Pascal Leclaire without a rebound.
14:04 of 3rd period - Steven Stamkos wins face-off versus John Tavares in Stars zone.
14:38 of 3rd period - Slapshot by Scott Hartnell.
14:38 of 3rd period - Stopped by Brian Elliott without a rebound.
14:39 of 3rd period - Michal Handzus wins face-off versus Sam Gagner in Penguins zone.
14:42 of 3rd period - Wrist shot by Scott Hartnell.
14:42 of 3rd period - Stopped by Brian Elliott with a rebound.
14:44 of 3rd period - Slapshot by Brian Lee.
14:44 of 3rd period - Stopped by Brian Elliott without a rebound.
14:45 of 3rd period - Nathan Horton wins face-off versus John Tavares in Penguins zone.
15:31 of 3rd period - Icing by Nathan Horton.
15:32 of 3rd period - Michal Handzus wins face-off versus Sam Gagner in Penguins zone.
15:51 of 3rd period - Michal Handzus is hit by Luke Schenn and loses puck.
16:02 of 3rd period - Wrist shot by Scott Hartnell.
16:02 of 3rd period - Deflect By Chris Stewart.
16:02 of 3rd period - Shot Blocked by Duncan Keith.
16:02 of 3rd period - Puck is out of play.
16:03 of 3rd period - John Tavares wins face-off versus Brayden Schenn in Penguins zone.
17:02 of 3rd period - Dion Phaneuf is hit by Trevor Daley and loses puck.
17:25 of 3rd period - Snap shot by Trevor Daley.
17:25 of 3rd period - Shot Misses the Net.
17:41 of 3rd period - Andrej Meszaros is hit by Nathan Horton and loses puck.
18:30 of 3rd period - Slapshot by Duncan Keith.
18:30 of 3rd period - Stopped by Pascal Leclaire with a rebound.
18:32 of 3rd period - Snap shot by Brian McGrattan.
18:32 of 3rd period - Deflect By Dustin Penner.
18:32 of 3rd period - Shot Misses the Net.
18:32 of 3rd period - Puck is out of play.
18:33 of 3rd period - Michal Handzus wins face-off versus Brayden Schenn in Stars zone.
18:47 of 3rd period - Minor Penalty to Brayden Schenn for Holding.
18:48 of 3rd period - John Tavares wins face-off versus Sam Gagner in Penguins zone.
18:52 of 3rd period - Slapshot by Brian Lee.
18:52 of 3rd period - Stopped by Brian Elliott without a rebound.
18:53 of 3rd period - Patrick Marleau wins face-off versus Sam Gagner in Penguins zone.
19:06 of 3rd period - Wrist shot by Radim Vrbata.
19:06 of 3rd period - Stopped by Brian Elliott without a rebound.
19:07 of 3rd period - Sam Gagner wins face-off versus John Tavares in Penguins zone.
19:32 of 3rd period - Radim Vrbata is hit by Sam Gagner and loses puck.
Goals for this period are 2 for Penguins vs 0 for Stars.
Shots for this period are 13 for Penguins vs 13 for Stars.